MLB
TEXAS RANGERS @ OAKLAND ATHLETICS
09/23/2039
 
TOP OF THE 1ST
Texas Rangers batting - Pitching for Oakland Athletics : RHP Kevin Rowland
Pitching: RHP Kevin Rowland
Batting: RHB Oscar Arroyo 0-0: Ball
1-0: Fly out, F4 (Popup, 4, EV 50.6 MPH)
Batting: LHB Josh Kelly 0-0: Swinging Strike
0-1: Called Strike
0-2: Strikes out swinging
Batting: LHB Gordie Lutz 0-0: Foul Ball, location: 2F
0-1: Swinging Strike
0-2: Ball
1-2: Ball
2-2: Ball
3-2: Base on Balls
Batting: LHB Franklin Lira 0-0: Ball
1-0: DOUBLE (Line Drive, 7LM, EV 85.6 MPH)
Gordie Lutz to third
Batting: RHB Esteban Pacheco 0-0: Ball
1-0: Foul Ball, location: 9LSF
1-1: Fly out, F3 (Popup, 34, EV 79.4 MPH)
Top of the 1st over - 0 runs, 1 hit, 0 errors, 2 left on base; Texas 0 - Oakland 0
BOTTOM OF THE 1ST
Oakland Athletics batting - Pitching for Texas Rangers : RHP Steve Maynard
Pitching: RHP Steve Maynard
Batting: LHB Emmanuel Mejia 0-0: Fly out, F9 (Flyball, 9D, EV 110.6 MPH)
Batting: RHB Mike Alderson 0-0: DOUBLE (Flyball, 78XD, EV 106.9 MPH)
Batting: LHB Doug Yoder 0-0: Called Strike
0-1: Ball
1-1: Ball
2-1: Ground out 5-3 (Groundball, 5L, EV 83.1 MPH)
Batting: RHB Jhoan Paulino 0-0: Called Strike
0-1: Ball
1-1: Foul Ball, location: 9LSF
1-2: Ball
2-2: Foul Ball, location: 3DF
2-2: Ball
3-2: Strikes out swinging
Bottom of the 1st over - 0 runs, 1 hit, 0 errors, 1 left on base; Texas 0 - Oakland 0
TOP OF THE 2ND
Texas Rangers batting - Pitching for Oakland Athletics : RHP Kevin Rowland
Batting: RHB Juan Diaz 0-0: Ball
1-0: Called Strike
1-1: Called Strike
1-2: Strikes out swinging
Batting: RHB Rocky Phillips 0-0: Swinging Strike
0-1: Swinging Strike
0-2: Foul Ball, location: 2LF
0-2: Ball
1-2: Ball
2-2: Ball
3-2: Strikes out looking
Batting: LHB Alex Fuentes 0-0: Ball
1-0: Called Strike
1-1: Foul Ball, location: 3FF
1-2: Ball
2-2: Strikes out swinging
Top of the 2nd over - 0 runs, 0 hits, 0 errors, 0 left on base; Texas 0 - Oakland 0
BOTTOM OF THE 2ND
Oakland Athletics batting - Pitching for Texas Rangers : RHP Steve Maynard
Batting: LHB Jose Gonzalez 0-0: Called Strike
0-1: Ball
1-1: Ball
2-1: Ball
3-1: Ground out 5-3 (Groundball, 56, EV 86.9 MPH)
Batting: LHB Javy Caballero 0-0: Ball
1-0: Foul Ball, location: 2F
1-1: Ball
2-1: Ball
3-1: Fly out, F8 (Flyball, 8LD, EV 93.1 MPH)
Batting: RHB Juan Espinoza 0-0: Ball
1-0: Ball
2-0: Ball
3-0: Called Strike
3-1: Foul Ball, location: 2F
3-2: Foul Ball, location: 9LSF
3-2: Fly out, F7 (Line Drive, 78M, EV 88.8 MPH)
Bottom of the 2nd over - 0 runs, 0 hits, 0 errors, 0 left on base; Texas 0 - Oakland 0
TOP OF THE 3RD
Texas Rangers batting - Pitching for Oakland Athletics : RHP Kevin Rowland
Batting: LHB Asad Gagnon 0-0: Ground out 6-3 (Groundball, 6, EV 83.1 MPH)
Batting: RHB Oscar Arroyo 0-0: Fly out, F6 (Popup, 6, EV 73.8 MPH)
Batting: LHB Josh Kelly 0-0: Ball
1-0: Swinging Strike
1-1: Ball
2-1: Ball
3-1: Foul Ball, location: 2F
3-2: Foul Ball, location: 3SF
3-2: Foul Ball, location: 2F
3-2: Foul Ball, location: 2F
3-2: Base on Balls
Batting: LHB Gordie Lutz 0-0: Ball
Josh Kelly steals 2nd base
1-0: Ground out 6-3 (Groundball, P, EV 85.0 MPH)
Top of the 3rd over - 0 runs, 0 hits, 0 errors, 1 left on base; Texas 0 - Oakland 0
BOTTOM OF THE 3RD
Oakland Athletics batting - Pitching for Texas Rangers : RHP Steve Maynard
Batting: RHB Chris Terwilliger 0-0: Ball
1-0: Ball
2-0: Ground out 1-3 (Groundball, 13S, EV 74.4 MPH)
Batting: RHB Tony Johnson 0-0: Swinging Strike
0-1: Foul Ball, location: 9LSF
0-2: Ball
1-2: Ball
2-2: Fly out, F9 (Flyball, 89M, EV 79.4 MPH)
Batting: LHB Emmanuel Mejia 0-0: Called Strike
0-1: Ball
1-1: Ball
2-1: Fly out, F7 (Line Drive, 7S, EV 90.6 MPH)
Bottom of the 3rd over - 0 runs, 0 hits, 0 errors, 0 left on base; Texas 0 - Oakland 0
TOP OF THE 4TH
Texas Rangers batting - Pitching for Oakland Athletics : RHP Kevin Rowland
Batting: LHB Franklin Lira 0-0: Ball
1-0: Ball
2-0: Ball
3-0: Base on Balls
Batting: RHB Esteban Pacheco 0-0: Ball
1-0: Ball
2-0: Ball
3-0: Called Strike
3-1: Base on Balls
Franklin Lira to second
Batting: RHB Juan Diaz 0-0: Ball
1-0: Ground out 4-3 (Groundball, 4S, EV 68.1 MPH)
Franklin Lira to third
Esteban Pacheco to second
Batting: RHB Rocky Phillips 0-0: SINGLE (Groundball, 4MD, EV 107.5 MPH)
Franklin Lira scores
Esteban Pacheco to third
Batting: LHB Alex Fuentes 0-0: Ball
1-0: Foul Ball, location: 23F
1-1: SINGLE (Groundball, 34, EV 106.3 MPH)
Esteban Pacheco scores
Rocky Phillips to second
Runner from 2nd tries for 3rd, SAFE, throw by RF made to third
Batting: LHB Asad Gagnon 0-0: Ball
1-0: Fly out, F8 (Flyball, 78D, EV 96.3 MPH)
Runner from 3rd tags up, SCORES, throw by CF
Batting: RHB Oscar Arroyo 0-0: Called Strike
0-1: Ball
Pickoff Throw by Catcher to First - Error! E2
Alex Fuentes to second
1-1: Called Strike
1-2: Ball
2-2: Ball
3-2: Strikes out swinging
Top of the 4th over - 3 runs, 2 hits, 1 error, 1 left on base; Texas 3 - Oakland 0
BOTTOM OF THE 4TH
Oakland Athletics batting - Pitching for Texas Rangers : RHP Steve Maynard
Batting: RHB Mike Alderson 0-0: Called Strike
0-1: Ball
1-1: Fly out, F8 (Flyball, 8LXD, EV 106.3 MPH)
Batting: LHB Doug Yoder 0-0: Called Strike
0-1: Ball
1-1: Ball
2-1: Foul Ball, location: 2F
2-2: Foul Ball, location: 7LSF
2-2: Ground out 1-3 (Groundball, 34S, EV 76.9 MPH)
Batting: RHB Jhoan Paulino 0-0: Called Strike
0-1: Ground out 5-3 (Groundball, 5L, EV 97.5 MPH)
Bottom of the 4th over - 0 runs, 0 hits, 0 errors, 0 left on base; Texas 3 - Oakland 0
TOP OF THE 5TH
Texas Rangers batting - Pitching for Oakland Athletics : RHP Kevin Rowland
Batting: LHB Josh Kelly 0-0: Swinging Strike
0-1: Called Strike
0-2: Foul Ball, location: 5SF
0-2: Foul Ball, location: 2F
0-2: Strikes out looking
Batting: LHB Gordie Lutz 0-0: SINGLE (Groundball, 4MD, EV 106.9 MPH)
Batting: LHB Franklin Lira 0-0: Ball
1-0: Foul Ball, location: 7LDF
1-1: Foul Ball, location: 7LSF
1-2: Ball
2-2: Foul Ball, location: 5FF
2-2: SINGLE (Groundball, 6MD, EV 102.5 MPH) (infield hit)
Gordie Lutz to second
Batting: RHB Esteban Pacheco 0-0: Ball
1-0: Swinging Strike
1-1: Swinging Strike
1-2: Foul Ball, location: 2F
1-2: Ball
2-2: Foul Ball, location: 9LSF
2-2: Strikes out swinging
Batting: RHB Juan Diaz 0-0: Called Strike
0-1: Foul Ball, location: 9LMF
0-2: Strikes out swinging
Top of the 5th over - 0 runs, 2 hits, 0 errors, 2 left on base; Texas 3 - Oakland 0
BOTTOM OF THE 5TH
Oakland Athletics batting - Pitching for Texas Rangers : RHP Steve Maynard
Batting: LHB Jose Gonzalez 0-0: Called Strike
0-1: Foul Ball, location: 9LDF
0-2: Strikes out looking
Batting: LHB Javy Caballero 0-0: Foul Ball, location: 2F
0-1: Ball
1-1: Called Strike
1-2: Strikes out swinging
Batting: RHB Juan Espinoza 0-0: Called Strike
0-1: Ground out 4-3 (Groundball, 4, EV 107.5 MPH)
Bottom of the 5th over - 0 runs, 0 hits, 0 errors, 0 left on base; Texas 3 - Oakland 0
TOP OF THE 6TH
Texas Rangers batting - Pitching for Oakland Athletics : RHP Kevin Rowland
Pitching: LHP Victor Gomez
Batting: RHB Rocky Phillips 0-0: Ball
1-0: Hit by Pitch
Batting: LHB Alex Fuentes 0-0: Called Strike
0-1: Swinging Strike
0-2: Strikes out swinging
Batting: LHB Asad Gagnon 0-0: Foul Ball, location: 2F
0-1: Foul Ball, location: 2F
0-2: Strikes out swinging
Batting: RHB Oscar Arroyo 0-0: Called Strike
0-1: Foul Ball, location: 9LDF
0-2: Ball
1-2: Strikes out swinging
Top of the 6th over - 0 runs, 0 hits, 0 errors, 1 left on base; Texas 3 - Oakland 0
BOTTOM OF THE 6TH
Oakland Athletics batting - Pitching for Texas Rangers : RHP Steve Maynard
Batting: RHB Chris Terwilliger 0-0: Ball
1-0: Called Strike
1-1: Ground out 4-3 (Groundball, 4, EV 103.8 MPH)
Batting: RHB Tony Johnson 0-0: Ball
1-0: Ball
2-0: Ball
3-0: Base on Balls
Batting: LHB Emmanuel Mejia 0-0: SINGLE (Line Drive, 34D, EV 99.4 MPH)
Tony Johnson to second
Batting: RHB Mike Alderson 0-0: Fly out, F9 (Flyball, 9, EV 96.9 MPH)
Batting: LHB Doug Yoder 0-0: Ball
1-0: Ball
2-0: Ball
3-0: Called Strike
3-1: Called Strike
3-2: SINGLE (Flyball, 89S, EV 101.3 MPH)
Tony Johnson to third
Emmanuel Mejia to second
Tony Johnson scores
Emmanuel Mejia to third
Pitching: RHP Gerolamo Escobar
Batting: RHB Jhoan Paulino 0-0: Ball
1-0: Ball
2-0: Ball
3-0: Called Strike
3-1: Base on Balls
Doug Yoder to second
Batting: LHB Jose Gonzalez 0-0: Called Strike
0-1: Ball
1-1: Ball
2-1: Fly out, F9 (Flyball, 9, EV 90.6 MPH)
Bottom of the 6th over - 1 run, 2 hits, 0 errors, 3 left on base; Texas 3 - Oakland 1
TOP OF THE 7TH
Texas Rangers batting - Pitching for Oakland Athletics : LHP Victor Gomez
Batting: LHB Josh Kelly 0-0: Called Strike
0-1: Foul Ball, location: 2F
0-2: Fly out, F5 (Popup, 5SF, EV 80.0 MPH)
Batting: LHB Gordie Lutz 0-0: Called Strike
0-1: Ball
1-1: Swinging Strike
1-2: Ground out 6-3 (Groundball, 4, EV 85.6 MPH)
Batting: LHB Franklin Lira 0-0: Swinging Strike
0-1: Foul Ball, location: 7LMF
0-2: Ball
1-2: Ball
2-2: Strikes out swinging
Top of the 7th over - 0 runs, 0 hits, 0 errors, 0 left on base; Texas 3 - Oakland 1
BOTTOM OF THE 7TH
Oakland Athletics batting - Pitching for Texas Rangers : RHP Gerolamo Escobar
Batting: LHB Javy Caballero 0-0: Ball
1-0: Foul Ball, location: 5DF
1-1: Fly out, F8 (Flyball, 78M, EV 96.3 MPH)
Batting: RHB Juan Espinoza 0-0: Called Strike
0-1: Fly out, F3 (Popup, 3SF, EV 79.4 MPH)
Batting: RHB Chris Terwilliger 0-0: Called Strike
0-1: Swinging Strike
0-2: Ball
1-2: Foul Ball, location: 2F
1-2: Ball
2-2: Strikes out looking
Bottom of the 7th over - 0 runs, 0 hits, 0 errors, 0 left on base; Texas 3 - Oakland 1
TOP OF THE 8TH
Texas Rangers batting - Pitching for Oakland Athletics : LHP Victor Gomez
Batting: RHB Esteban Pacheco 0-0: Ball
1-0: Swinging Strike
1-1: Called Strike
1-2: Strikes out swinging
Batting: RHB Juan Diaz 0-0: Ball
1-0: Called Strike
1-1: Fly out, F6 (Popup, 6MD, EV 63.8 MPH)
Batting: RHB Rocky Phillips 0-0: Ball
1-0: Called Strike
1-1: Foul Ball, location: 9LMF
1-2: Ball
2-2: Ball
3-2: SINGLE (Groundball, 6MD, EV 95.6 MPH)
Pitching: RHP Chris Eggemeyer
Batting: LHB Alex Fuentes 0-0: Ball
1-0: Fielders Choice at 2nd, 6-4 (Groundball, 6, EV 81.3 MPH)
Top of the 8th over - 0 runs, 1 hit, 0 errors, 1 left on base; Texas 3 - Oakland 1
BOTTOM OF THE 8TH
Oakland Athletics batting - Pitching for Texas Rangers : RHP Gerolamo Escobar
Now at 1B: Mike D'Amico
Batting: RHB Tony Johnson 0-0: Fly out, F8 (Flyball, 8RS, EV 89.4 MPH)
Batting: LHB Emmanuel Mejia 0-0: Ball
1-0: Foul Ball, location: 2F
1-1: Swinging Strike
1-2: Ball
2-2: Ball
3-2: Foul Ball, location: 2F
3-2: Foul Ball, location: 2F
3-2: Fly out, F8 (Flyball, 8RM, EV 89.4 MPH)
Batting: RHB Mike Alderson 0-0: Foul Ball, location: 3F
0-1: Ball
1-1: Ball
2-1: Ball
3-1: Base on Balls
Pitching: RHP Mike Weatherford
Batting: LHB Doug Yoder 0-0: Fly out, F2 (Popup, 25F, EV 86.3 MPH)
Bottom of the 8th over - 0 runs, 0 hits, 0 errors, 1 left on base; Texas 3 - Oakland 1
TOP OF THE 9TH
Texas Rangers batting - Pitching for Oakland Athletics : RHP Chris Eggemeyer
Batting: LHB Asad Gagnon 0-0: Foul Ball, location: 2LF
0-1: Called Strike
0-2: SINGLE (Line Drive, 78S, EV 103.8 MPH)
Batting: RHB Oscar Arroyo 0-0: Ball
1-0: SINGLE (Line Drive, 56, EV 103.1 MPH)
Asad Gagnon to second
Batting: LHB Josh Kelly 0-0: Called Strike
0-1: Foul Ball, location: 5SF
0-2: Strikes out looking
Batting: LHB Gordie Lutz 0-0: Called Strike
0-1: Ball
1-1: Ball
2-1: Foul Ball, location: 2F
2-2: DOUBLE (Flyball, 89XD, EV 97.5 MPH)
Asad Gagnon scores
Oscar Arroyo to third
Runner from 3rd tries for Home, SAFE, throw by CF to trailing runner, SAFE at third!
Batting: RHB Mike D'Amico 0-0: Called Strike
0-1: Ball
1-1: Ball
2-1: Swinging Strike
2-2: Strikes out swinging
Batting: RHB Esteban Pacheco 0-0: Ball
1-0: SINGLE (Line Drive, 78S, EV 108.1 MPH)
Gordie Lutz scores
Pitching: RHP Jake Campos
Batting: RHB Juan Diaz 0-0: Ball
1-0: Foul Ball, location: 9LDF
1-1: Foul Ball, location: 9LDF
1-2: Fly out, F9 (Flyball, 9S, EV 78.8 MPH)
Top of the 9th over - 3 runs, 4 hits, 0 errors, 1 left on base; Texas 6 - Oakland 1
BOTTOM OF THE 9TH
Oakland Athletics batting - Pitching for Texas Rangers : RHP Mike Weatherford
Batting: RHB Jhoan Paulino 0-0: Ball
1-0: Foul Ball, location: 5DF
1-1: Swinging Strike
1-2: Fly out, F9 (Line Drive, 89D, EV 98.8 MPH)
Batting: LHB Jose Gonzalez 0-0: Called Strike
0-1: Ball
1-1: Ground out 4-3 (Groundball, 4, EV 86.3 MPH)
Batting: LHB Javy Caballero 0-0: Ball
1-0: Foul Ball, location: 7LMF
1-1: Ball
2-1: Foul Ball, location: 7LMF
2-2: Ball
3-2: Foul Ball, location: 5F
3-2: Foul Ball, location: 2F
3-2: Fly out, F5 (Popup, 5F, EV 74.4 MPH)
Bottom of the 9th over - 0 runs, 0 hits, 0 errors, 0 left on base; Texas 6 - Oakland 1
Tuesday, May 14th , 2024 - OOTP Baseball 24.11 Build 85